 Dungeon Crawl Stone Soup version 0.29-a0-398-ge13fd1374b (webtiles) character file.

Game seed: 4668804539580781763

2790 spaghetti the Fighter (level 9, -1/79 HPs)
             Began as a Vine Stalker Berserker on May 12, 2022.
             Was a Believer of Trog.
             Slain by a gnoll sergeant
             ... wielding a +0 spear
              (4 damage)
             ... on level 8 of the Dungeon.
             The game lasted 00:09:33 (5570 turns).

spaghetti the Fighter (Vine Stalker Berserker)      Turns: 5570, Time: 00:09:33

Health: -1/79      AC:  5    Str: 22    XL:     9   Next: 71%
Magic:  0/10       EV: 12    Int:  7    God:    Trog [**....]
Gold:   232        SH:  0    Dex: 16    Spells: 8/8 levels left

rFire   . . .      SeeInvis .   B - +0 short sword (elec) {short}
rCold   + . .      Faith    .   (no shield)
rNeg    . . .      Spirit   +   a - +0 animal skin
rPois   .          Reflect  .   p - +2 helmet
rElec   .          Harm     .   (no cloak)
rCorr   .          Rampage  .   (no gloves)
Will    +....                   (no boots)
Stlth   ..........              (no amulet)
HPRegen 1.03/turn               v - ring of protection from cold
MPRegen 0.12/turn               (no ring)

@: berserking (expiring), very quick
A: fangs 3, regeneration 1, magic shield, antimagic bite, no potion heal 2
a: Renounce Religion, Berserk, Trog's Hand


You were on level 8 of the Dungeon.
You worshipped Trog.
Trog was pleased with you.
You visited 1 branch of the dungeon, and saw 7 of its levels.

You collected 232 gold pieces.


Innate Abilities, Weirdness & Mutations

You have razor-sharp teeth.
Your natural rate of healing is unusually fast.
When hurt, damage is shared between your health and your magic reserves.
Your bite disrupts and absorbs the magic of your enemies.
Potions cannot restore your health.


   Skills:
 + Level 9.0 Fighting
 + Level 1.3 Short Blades
 - Level 8.0 Throwing
 - Level 1.5 Armour
 - Level 1.5 Dodging
 - Level 3.3 Unarmed Combat


You had 8 spell levels left.
You didn't know any spells.
Your spell library contained the following spells:

 Spells                   Type           Power      Damage    Failure   Level
 Apportation              Tloc           0%         N/A       43%         1
 Ensorcelled Hibernation  Hex/Ice        0%         N/A       56%         2
 Sublimation of Blood     Necr           0%         N/A       56%         2
 Spider Form              Tmut/Pois      0%         N/A       80%         3
 Airstrike                Air            0%         N/A       99%         4
 Anguish                  Hex/Necr       0%         N/A       99%         4
 Passage of Golubria      Tloc           0%         N/A       99%         4
 Petrify                  Tmut/Erth      0%         N/A       99%         4
 Summon Lightning Spire   Summ/Air       0%         N/A       99%         4
 Alistair's Intoxication  Tmut/Pois      0%         N/A       100%        5
 Irradiate                Conj/Tmut      0%         3d13      100%        5
 Lightning Bolt           Conj/Air       0%         1d11      100%        5
 Silence                  Hex/Air        0%         N/A       100%        5
 Lehudib's Crystal Spear  Conj/Erth      0%         10d2      100%        8

Inventory:

Hand Weapons
 B - a +0 short sword of electrocution (weapon) {short}
   (You took it off Maurice on level 8 of the Dungeon)
Missiles
 b - 205 stones (quivered) {throwing}
 l - 5 javelins {throwing}
 D - a curare-tipped dart {=fthrowing}
Armour
 a - a +0 animal skin (worn)
 p - a +2 helmet (worn)
   (You found it on level 5 of the Dungeon)
 C - a +0 cloak
   (You took it off Maurice on level 8 of the Dungeon)
Magical Staves
 z - a staff of death {forbidden!astaff}
   (You found it on level 6 of the Dungeon)
Jewellery
 v - a ring of protection from cold (left hand)
   (You found it on level 6 of the Dungeon)
Wands
 h - a wand of iceblast (18)
   (You found it on level 1 of the Dungeon)
 n - a wand of digging (8)
   (You took it off Terence on level 3 of the Dungeon)
 q - a wand of flame (18)
   (You found it on level 6 of the Dungeon)
 y - a wand of paralysis (10)
   (You found it on level 6 of the Dungeon)
 E - a wand of charming (14)
   (You found it on level 8 of the Dungeon)
Scrolls
 c - 2 scrolls of teleportation {@r4}
 e - 3 scrolls of blinking {!r}
 f - 2 scrolls of vulnerability {!r!r}
 j - a scroll of magic mapping {!r}
 m - a scroll of fog {unknown}
 r - a scroll of immolation {!r!r}
 s - a scroll of silence {unknown}
 u - a scroll of amnesia {unknown}
 x - a scroll of summoning {unknown}
Potions
 d - a potion of degeneration {!q@e2}
 g - 2 potions of heal wounds {@q2}
 i - a potion of flight
 k - 2 potions of cancellation {unknown}
 o - a potion of haste {@q3}
 t - 3 potions of brilliance {unknown}
 w - 2 potions of berserk rage {unknown}
 A - a potion of attraction {unknown}

Dungeon Overview and Level Annotations

Branches:
Dungeon (8/15)
 Temple: D:4-7         Lair: D:8-11

Altars:
Okawaru
The Shining One

Shops:
D:2 *((

Annotations:
D:2 Robin

.......## #...#
........######...#####.
.......#...............
.......##..............
##.###.#...............
#.# ##.######...#####
#.# ### #...# #.# #.gg#
#.# #.g@# #.# ......)g#
#.# .####..:# .(.z(#
.##.### # <. ... ..##


You could see a gnoll sergeant, a wight and 3 gnolls.


Message History

You are too injured to fight recklessly!
You are too injured to fight recklessly!
You are too injured to fight recklessly! 😕 HP[-3]
You take 3 damage, and now have 50/53 hp.
You are too injured to fight recklessly!
You are too injured to fight recklessly!
You are too injured to fight recklessly!
You are too injured to fight recklessly!
You are too injured to fight recklessly!
You are too injured to fight recklessly!
You are too injured to fight recklessly!
You are too injured to fight recklessly!
You are too injured to fight recklessly!
You are too injured to fight recklessly!
You are too injured to fight recklessly!
You are too injured to fight recklessly!
You are too injured to fight recklessly!
You are too injured to fight recklessly!
You are too injured to fight recklessly!
You are too injured to fight recklessly!
You are too injured to fight recklessly!
You are too injured to fight recklessly!
You are too injured to fight recklessly!
You are too injured to fight recklessly!
You are too injured to fight recklessly!
The gnoll hits you with a +0 spear!
The gnoll hits you from afar with a +0 halberd.
Items here: )) ††. 😕 HP[-9] MP[-1]
You take 9 damage, and now have 41/53 hp.
You lost 1 mp, and now have 9/10 mp.
The gnoll sergeant hits you with a +0 spear.
The gnoll closely misses you. The gnoll misses you.
You see here 2 stones {throwing}.
Unknown command.
A red film seems to cover your vision as you go berserk!
You feel yourself moving faster!
You feel mighty!
The gnoll sergeant hits you but does no damage.
The wight hits you with a +0 flail.
The gnoll hits you but does no damage. 😮 HP[+17] MP[-1]
You now have 79 max hp (+26).
You regained 17 hp, and now have 58/79 hp.
You lost 1 mp, and now have 8/10 mp.
You hit the wight. You bite the wight. You drain its power.
You feel invigorated.
The gnoll sergeant hits you with a +0 spear.
The wight closely misses you. The gnoll hits you but does no damage.
The gnoll hits you with a +0 halberd!
The gnoll barely misses you. 😮 HP[-14] MP[-1]
You take 14 damage, and now have 44/79 hp.
You lost 1 mp, and now have 7/10 mp.
You barely miss the wight. 😮 HP[+1]
You barely miss the wight.
The gnoll sergeant hits you with a +0 spear.
The wight hits you with a +0 flail!
* * * LOW HITPOINT WARNING * * *
The gnoll hits you with a +0 spear.
* * * LOW HITPOINT WARNING * * *
The gnoll misses you. The gnoll barely misses you.
A wight comes into view.
It is wielding a +0 flail. 😨 HP[-12] MP[-2]
You take 12 damage, and now have 33/79 hp.
You lost 2 mp, and now have 5/10 mp.
You puncture the wight! You bite the wight.
You destroy the wight!
Trog accepts your kill. The gnoll sergeant closely misses you.
The gnoll hits you but does no damage. The gnoll hits you with a +0 halberd!
* * * LOW HITPOINT WARNING * * *
The gnoll hits you with a +0 club.
* * * LOW HITPOINT WARNING * * *
😨 HP[-10] MP[-2]
You take 10 damage, and now have 23/79 hp.
You lost 2 mp, and now have 3/10 mp.
Unknown command.
Unknown command.
You closely miss the wight. 😨 HP[+1]
You puncture the wight! Your bite misses the wight.
The gnoll sergeant hits you with a +0 spear!
* * * LOW HITPOINT WARNING * * *
The wight misses you. The gnoll closely misses you.
The gnoll hits you with a +0 halberd!
* * * LOW HITPOINT WARNING * * *
The gnoll closely misses you. 😱 HP[-17] MP[-3]
You take 17 damage, and now have 7/79 hp.
MASSIVE DAMAGE!! (PAUSE)
You lost 3 mp, and now have 0/10 mp.
Unknown command.
Unknown command.
You hit the wight. Lightning courses through the wight!
You destroy the wight!
Trog accepts your kill. The gnoll closely misses you.
The gnoll hits you with a +0 spear.
* * * LOW HITPOINT WARNING * * *
The gnoll sergeant hits you with a +0 spear.
You die...

Skill      XL: |  1  2  3  4  5  6  7  8  9 |
---------------+----------------------------+-----
Fighting       | 3 4 5 6 9 |  9.0
Throwing       | 1 2 3 4 6 8 |  8.0
Short Blades   | 1 |  1.3
Armour         | |  1.5
Dodging        | |  1.5
Unarmed Combat | |  3.3

Action                   |  1- 3 |  4- 6 |  7- 9 || total
-------------------------+-------+-------+-------++-------
Melee: Unarmed           |   118 |    51 |   182 ||   351
       Bite              |    29 |    11 |    65 ||   105
       Punch             |     1 |     3 |     2 ||     6
       Short sword       |       |       |    14 ||    14
Throw: Stone             |    16 |    22 |    64 ||   102
Invok: Berserk           |     5 |     3 |     8 ||    16
       Trog's Hand       |       |     1 |       ||     1
  Use: Potion            |       |     4 |       ||     4
       Scroll            |       |       |     5 ||     5
 Stab: Sleeping          |     1 |       |       ||     1
Armor: Animal skin       |    21 |     4 |    46 ||    71
       Skin              |       |     3 |       ||     3
Dodge: Dodged            |    73 |    18 |   111 ||   202

Levels and vault maps discovered:
D:1:      tarquinn_simple_flora_water_f, layout_basic,
          hellmonk_ecumenical_altar_lost_god, hangedman_decor_points,
          minmay_cupped
D:2:      layout_basic, serial_shops, nicolae_diamond_shop, nicolae_shop_trees,
          nicolae_shop_bloodbath_and_beyond, uniq_robin
D:3:      layout_loops_ring, nicolae_yredelemnul_corpse_copse,
          brannock_xom_greatest_gift, uniq_terence
D:5:      layout_gridville, okawaru_gym_becter, uniq_edmund
D:6:      layout_gridville
D:7:      layout_cave_pools, mainiacjoe_overflow_alcove_2,
          kennysheep_generic_room_4
D:8:      layout_loops_cross, uniq_maurice

Notes
Turn   | Place    | Note
-------+----------+-------------------------------------------
     0 | D:1      | spaghetti the Vine Stalker Berserker began the quest for
                  | the Orb.
     0 | D:1      | Reached XP level 1. HP: 11/11 MP: 2/2
     0 | D:1      | magus.rc [v1.9.6]
    12 | D:1      | HP: 3/16 [rat (1)]
   705 | D:1      | Reached skill level 3 in Fighting
   823 | D:1      | Reached XP level 2. HP: 10/16 MP: 1/3
  1166 | D:1      | HP: 4/24 [hobgoblin (4)]
  1626 | D:1      | Reached XP level 3. HP: 20/20 MP: 4/4
  1706 | D:1      | Found a faded altar of an unknown god.
  2102 | D:2      | Found Qigaras's Weapon Shoppe.
  2125 | D:2      | Noticed Robin
  2677 | D:2      | Reached ** piety under Trog
  2678 | D:2      | Reached skill level 1 in Throwing
  2696 | D:2      | You pick up a book of Alchemy {forbidden} and begin
                  | reading...
  2696 | D:2      | You add the spells Sublimation of Blood, Petrify and
                  | Irradiate to your library.
  2815 | D:2      | Found Renga's Weapon Boutique.
  3038 | D:2      | Found Feasing's Assorted Antiques.
  3271 | D:3      | Noticed Terence
  3281 | D:3      | Killed Terence
  3282 | D:3      | Gained mutation: Your natural rate of healing is unusually
                  | fast. [Vine Stalker growth]
  3282 | D:3      | Reached XP level 4. HP: 25/25 MP: 5/5
  3301 | D:3      | You fall into a shaft and drop 2 floors!
  3301 | D:5      | Entered Level 5 of the Dungeon
  3308 | D:5      | Noticed a scorpion
  3316 | D:5      | HP: 4/25 [scorpion (4)]
  3321 | D:5      | Killed a scorpion
  3321 | D:5      | HP: 3/37 [poisoned by a scorpion]
  3322 | D:5      | Reached skill level 4 in Fighting
  3322 | D:5      | Reached skill level 2 in Throwing
  3322 | D:5      | Reached XP level 5. HP: 3/29 MP: 0/6
  3416 | D:5      | Noticed Edmund
  3428 | D:5      | Killed Edmund
  3429 | D:5      | Reached skill level 3 in Throwing
  3429 | D:5      | Reached XP level 6. HP: 30/34 MP: 5/7
  3498 | D:5      | Reached skill level 4 in Throwing
  3519 | D:5      | Found an iron altar of Okawaru.
  3542 | D:5      | HP: 7/51 [iguana (10)]
  3633 | D:5      | Noticed an ice beast
  3647 | D:5      | HP: 9/51 [ice beast (11)]
  3648 | D:5      | Killed an ice beast
  3649 | D:5      | Reached XP level 7. HP: 10/38 MP: 3/8
  3716 | D:5      | You pick up a book of Party Tricks {forbidden} and begin
                  | reading...
  3716 | D:5      | You add the spells Apportation and Alistair's Intoxication
                  | to your library.
  3835 | D:5      | Reached skill level 5 in Fighting
  3921 | D:5      | Reached skill level 5 in Throwing
  4006 | D:5      | You pick up a book of Dreams {forbidden} and begin
                  | reading...
  4006 | D:5      | You add the spells Ensorcelled Hibernation, Spider Form and
                  | Anguish to your library.
  4323 | D:6      | You pick up a book of the Moon {forbidden} and begin
                  | reading...
  4323 | D:6      | You add the spells Passage of Golubria, Silence and
                  | Lehudib's Crystal Spear to your library.
  4372 | D:6      | Reached skill level 6 in Throwing
  4372 | D:6      | Gained mutation: You have razor-sharp teeth. [Vine Stalker
                  | growth]
  4372 | D:6      | Reached XP level 8. HP: 41/44 MP: 5/9
  4474 | D:6      | Noticed a two-headed ogre
  4478 | D:6      | HP: 1/66 [two-headed ogre/+0 giant spiked club (19)]
  4480 | D:6      | Killed a two-headed ogre
  4481 | D:6      | Reached skill level 6 in Fighting
  4481 | D:6      | Reached skill level 7 in Throwing
  4627 | D:7      | You pick up a book of Storms {forbidden} and begin
                  | reading...
  4627 | D:7      | You add the spells Airstrike, Summon Lightning Spire and
                  | Lightning Bolt to your library.
  4710 | D:7      | Reached skill level 8 in Throwing
  4710 | D:7      | Reached XP level 9. HP: 27/49 MP: 10/10
  4752 | D:7      | Reached skill level 7 in Fighting
  5061 | D:7      | Reached skill level 8 in Fighting
  5358 | D:7      | Found a glowing golden altar of the Shining One.
  5407 | D:8      | Noticed Maurice
  5428 | D:8      | Killed Maurice
  5479 | D:8      | Reached skill level 9 in Fighting
  5557 | D:8      | Reached skill level 1 in Short Blades
  5569 | D:8      | HP: 14/79 [gnoll sergeant/+0 spear (11)]
  5570 | D:8      | HP: 3/79 [gnoll/+0 spear[a gnoll sergeant] (4)]
  5570 | D:8      | Slain by a gnoll sergeant

Vanquished Creatures
  A two-headed ogre (D:6)
  Maurice (D:8)
  Edmund (D:5)
  A water moccasin (D:8)
  An orc warrior (D:7)
  2 ice beasts
  A black bear (D:5)
  A sky beast (D:7)
  2 ogres
  A centaur (D:7)
  A phantom (D:6)
  A kobold brigand (D:8)
  2 scorpions (D:5)
  A necrophage (D:7)
  2 wights (D:8)
  4 hounds
  2 jellies (D:7)
  4 orc priests (D:7)
  3 iguanas
  An orc wizard (D:7)
  Terence (D:3)
  5 gnolls
  An adder (D:5)
  2 white imps
  3 dart slugs
  15 orcs
  4 ball pythons
  5 bats
  2 endoplasms
  4 giant cockroaches
  7 goblins
  4 hobgoblins
  4 quokkas
  8 kobolds
  4 rats
102 creatures vanquished.

Table legend:
 A = Non-vault XP
 B = Vault XP
 C = Vault XP percentage of total XP
 D = Non-vault monster count
 E = Vault monster count
 F = Vault count percentage of total count
                 A         B        C        D         E       F
            +---------+---------+-------+---------+---------+-------
      Total |    3349 |     709 |  17.5 |      86 |      16 |  15.7
            +---------+---------+-------+---------+---------+-------
        D:1 |      31 |       7 |  18.4 |      16 |       4 |  20.0
        D:2 |      17 |      16 |  48.5 |       9 |       8 |  47.1
        D:3 |       8 |      32 |  80.0 |       4 |       1 |  20.0
        D:5 |     677 |     164 |  19.5 |      15 |       1 |   6.2
        D:6 |    1217 |       0 |   0.0 |       7 |       0 |   0.0
        D:7 |     972 |      10 |   1.0 |      25 |       1 |   3.8
        D:8 |     427 |     480 |  52.9 |      10 |       1 |   9.1
            +---------+---------+-------+---------+---------+-------

Illustrated notes

Table legend:
 A = Kills in this place as a percentage of kills in entire the game.
 B = Kills by you in this place as a percentage of kills by you in the entire game.
 C = Kills by friends in this place as a percentage of kills by friends in the entire game.
 D = Other kills in this place as a percentage of other kills in the entire game.
 E = Experience gained in this place as a percentage of experience gained in the entire game.
 F = Experience gained in this place divided by the number of levels of this place that you have seen.
                   A       B       C       D       E      F
               +-------+-------+-------+-------+-------+----------------------
         Total | 100.0 | 100.0 |   N/A |   N/A | 100.0 | 579.7
       Dungeon | 100.0 | 100.0 |   N/A |   N/A | 100.0 | 579.7
               +-------+-------+-------+-------+-------+----------------------

Table legend: (Time is in decaauts)
 A = Elapsed time spent in this place.
 B = Non-inter-level travel time spent in this place.
 C = Inter-level travel time spent in this place.
 D = Time resting spent in this place.
 E = Time spent auto-exploring this place.
 F = Levels seen in this place.
 G = Mean time per level.
                   A        B        C        D        E       F      G
               +--------+--------+--------+--------+--------+-----+--------+
         Total |   5663 |   5494 |    169 |   1390 |   3320 |   7 |  809.0 |
       Dungeon |   5663 |   5494 |    169 |   1390 |   3320 |   7 |  809.0 |
               +--------+--------+--------+--------+--------+-----+--------+

Top non-repeatable levels by time:
     D:1: 2014 daAuts
     D:2: 1242 daAuts
     D:5: 971 daAuts
     D:7: 805 daAuts
     D:6: 383 daAuts
     D:8: 174 daAuts
     D:3: 71 daAuts
